 Dungeon Crawl Stone Soup version 0.28-a0-1143-gcf6077d4cc (webtiles) character file.

Game seed: 3573920052707168980

5271 SensoryNuts the Ducker (level 10, -4/84 HPs)
             Began as a Green Draconian Fighter on Dec 13, 2021.
             Was a High Priest of Lugonu.
             Slain by Psyche (8 damage)
             ... on level 8 of the Dungeon.
             The game lasted 00:15:38 (9993 turns).

SensoryNuts the Ducker (Green Draconian Fighter)    Turns: 9993, Time: 00:15:39

Health: -4/84      AC:  0    Str: 22 (23) XL:     10   Next: 36%
Magic:  10/10      EV: 24    Int:  8      God:    Lugonu [*****.]
Gold:   264        SH:  0    Dex: 16      Spells: 9/9 levels left

rFire   . . .      SeeInvis .   (weapon currently unavailable)
rCold   . . .      Faith    .   (shield currently unavailable)
rNeg    . . .      Spirit   .   (armour unavailable)
rPois   .          Reflect  .   (helmet currently unavailable)
rElec   .          Harm     .   (cloak currently unavailable)
rCorr   .          Rampage  .   (gloves currently unavailable)
Will    .....                   (boots currently unavailable)
Stlth   ++++......              (no amulet)
HPRegen 0.24/turn               (ring currently unavailable)
MPRegen 0.12/turn               (ring currently unavailable)

@: short of breath, bat-form, flying, very quick
A: fast, flying, no casting, (breathe noxious fumes), AC +7, tiny, unfitting
armour, (poison resistance), (cold-blooded), (horns 1), (camouflage 1),
screaming 1
a: Renounce Religion, Depart the Abyss, Bend Space, Banish, Corrupt, Enter the
Abyss


You were on level 8 of the Dungeon.
You worshipped Lugonu.
Lugonu was extremely pleased with you.
You were a bat.
You visited 2 branches of the dungeon, and saw 9 of its levels.

You collected 324 gold pieces.
You spent 60 gold pieces at shops.

Inventory:

Hand Weapons
 a - a +0 long sword
 f - a +1 dagger of venom
 y - a +5 falchion of freezing (melded)
Missiles
 c - a throwing net (quivered)
Armour
 b - a +1 buckler (melded)
 m - a +0 pair of gloves (melded)
Jewellery
 e - a ring of wizardry
 g - a +4 ring of protection
 h - a +6 ring of strength (melded)
 j - a ring of ice
 k - a +6 ring of dexterity (melded)
 o - a ring of protection from cold
 t - a ring of wizardry
 w - a +4 ring of protection
Wands
 d - a wand of acid (4)
 i - a wand of flame (65)
 l - a wand of paralysis (5)
Scrolls
 p - 2 scrolls of teleportation
 r - a scroll of magic mapping
 u - a scroll of acquirement {unknown}
 v - a scroll of vulnerability
 x - a scroll of fear {unknown}
Potions
 n - a potion of degeneration
 q - 2 potions of brilliance
 s - a potion of resistance


   Skills:
 + Level 6.7 Fighting
 + Level 7.1(7.4) Short Blades
 * Level 2.6(5.3) Long Blades
 + Level 7.9 Dodging
 + Level 7.0 Stealth
 + Level 6.8 Shields
 + Level 0.7 Invocations


You had 9 spell levels left.
You didn't know any spells.
Your spell library contained the following spells:

 Spells                   Type           Power      Damage    Failure   Level
 Animate Skeleton         Necr           0%         N/A       41%         1
 Apportation              Tloc           0%         N/A       41%         1
 Pain                     Necr           0%         1d4       41%         1
 Sublimation of Blood     Necr           0%         N/A       54%         2
 Wereblood                Tmut           0%         N/A       54%         2
 Vampiric Draining        Necr           0%         2d6       78%         3
 Airstrike                Air            0%         N/A       99%         4
 Summon Lightning Spire   Summ/Air       0%         N/A       99%         4
 Alistair's Intoxication  Tmut/Pois      0%         N/A       100%        5
 Lightning Bolt           Conj/Air       0%         1d11      100%        5
 Summon Hydra             Summ           0%         N/A       100%        7


Dungeon Overview and Level Annotations

Branches:
Dungeon (8/15)             Temple (1/1) D:5            Lair (0/6) D:8

Altars:
Ashenzari
Cheibriados
Dithmenos
Elyvilon
Fedhas
Gozag
Hepliaklqana
Kikubaaqudgha
Makhleb
Nemelex Xobeh
Okawaru
Qazlal
Ru
Trog
Uskayaw
Vehumet
Wu Jian
Xom
Yredelemnul
Zin
The Shining One
Lugonu

Shops:
D:1 *   D:4 *

Annotations:
D:8 Maggie, Psyche


Innate Abilities, Weirdness & Mutations

You are a bat.
You are tiny and dextrous.
You move quickly.
You are flying.
Your equipment is almost entirely melded.
You are incapable of wielding weapons or throwing items.
You cannot cast spells.
((You can breathe blasts of noxious fumes.))
((Your lurid green scales are hard. (AC +7)))
You cannot fit into any form of body armour.
((Your system is resistant to poisons. (rPois)))
((You are cold-blooded and may be slowed by cold attacks.))
((You have a pair of small horns on your head.))
((Your skin changes colour to match your surroundings (Stealth+).))
You occasionally shout uncontrollably at your foes.


Message History

A swirling arc of seething chaos appears!
An arc of chaos appears from out of thin air!
The arc of chaos hits you. You resist.
* * * LOW HITPOINT WARNING * * *
The arc of chaos hits the gnoll.
The gnoll looks slightly unstable.
You barely miss the gnoll.
You tail-slap the gnoll, but do no damage.
The gnoll is severely wounded.
You feel sick.
You slash the gnoll! You freeze the gnoll.
You kill the gnoll!
Lugonu accepts your kill.
You feel sick.
You hear some strange, mumbled words.
You turn into a bat.
Your +5 falchion of freezing melds into your body.
Your +0 pair of gloves melds into your body.
Your +1 buckler melds into your body.
Your +6 ring of strength melds into your body.
Your +6 ring of dexterity melds into your body.
Your +5 falchion of freezing stops glowing.
You feel weaker.
You feel clumsy.
You feel sick.
You are no longer poisoned.
Things that are here:
a +0 halberd; a gnoll corpse You hit the gnoll but do no damage.
The gnoll misses you.
A steam dragon comes into view.
You hit the gnoll.
The gnoll is moderately wounded.
The gnoll closely misses you. Something hits you.
* * * LOW HITPOINT WARNING * * *
Something freezes you.
* * * LOW HITPOINT WARNING * * *
You hit the gnoll.
The gnoll is heavily wounded.
The gnoll hits you with a +0 club.
* * * LOW HITPOINT WARNING * * *
Something hits you!
You die...

..#.......# #
#.......#
#....#)...##
..g#.###...#
...#. #..## ..
..###..####
##........#
...........###
..D....gb)...###
....##.........#
.... #....#...##
... ##....#####
.. #.....#
........#
##.#...##
###...# #...


You could see a steam dragon and a gnoll.

Vanquished Creatures
  A two-headed ogre (D:8)
  Pikel (D:6)
  Joseph (D:8)
  An unseen horror (D:6)
  Prince Ribbit (D:6)
  2 steam dragons
  An acid dragon (D:8)
  A water moccasin (D:6)
  A hornet zombie (D:8)
  3 ice beasts
  2 sky beasts
  3 black bears
  3 ogres
  2 centaurs
  3 lemures (D:6)
  A phantom (D:4)
  Blork the orc (D:6)
  A bullfrog (D:7)
  3 scorpions
  A wyvern skeleton (D:6)
  4 wights (D:8)
  3 electric eels (D:4)
  A bullfrog zombie (D:6)
  4 hounds
  4 jellies
  A bullfrog skeleton (D:6)
  2 gnoll shamans
  2 orc priests
  9 iguanas
  An orc wizard (D:7)
  2 killer bee zombies
  2 hound skeletons
  A howler monkey zombie (D:6)
  3 adders
  16 gnolls
  2 shadow imps (D:6)
  3 white imps
  An ufetubus (D:5)
  An adder zombie (D:5)
  An adder skeleton (D:4)
  3 worms
  3 dart slugs
  11 orcs
  4 ball pythons
  3 bats
  3 endoplasms
  2 giant cockroaches
  8 goblins
  7 hobgoblins
  11 kobolds
  A quokka (D:3)
  2 frilled lizards
  A goblin zombie (D:4)
  5 rats
  A rat zombie (D:4)
161 creatures vanquished.

Vanquished Creatures (others)
  A fungus (D:8)
  2 plants (D:4)
3 creatures vanquished.

Grand Total: 164 creatures vanquished

Notes
Turn   | Place    | Note
-------+----------+-------------------------------------------
     0 | D:1      | SensoryNuts the Draconian Fighter began the quest for the
                  | Orb.
     0 | D:1      | Reached XP level 1. HP: 19/19 MP: 1/1
    78 | D:1      | Found Lufu's Assorted Antiques.
   110 | D:1      | Found a faded altar of an unknown god.
   176 | D:1      | Reached XP level 2. HP: 26/26 MP: 2/2
   862 | D:1      | Gained mutation: Your skin changes colour to match your
                  | surroundings (Stealth+). [potion of mutation]
   862 | D:1      | Gained mutation: You occasionally shout uncontrollably at
                  | your foes. [potion of mutation]
   862 | D:1      | Gained mutation: You have a pair of small horns on your
                  | head. [potion of mutation]
   885 | D:1      | Prayed at the altar of an unknown god.
   885 | D:1      | Became a worshipper of Lugonu the Unformed
   885 | D:1      | Reached * piety under Lugonu
   885 | D:1      | Reached ** piety under Lugonu
   952 | D:2      | Reached XP level 3. HP: 25/31 MP: 3/3
  1775 | D:3      | Reached skill level 1 in Short Blades
  1939 | D:3      | Reached XP level 4. HP: 40/40 MP: 4/4
  2464 | D:4      | Noticed a centaur
  2473 | D:4      | Reached *** piety under Lugonu
  2474 | D:4      | Reached skill level 1 in Stealth
  2500 | D:4      | Noticed a black bear
  2509 | D:4      | Killed a black bear
  2510 | D:4      | Reached XP level 5. HP: 44/46 MP: 5/5
  2531 | D:4      | Killed a centaur
  2532 | D:4      | Reached XP level 6. HP: 52/52 MP: 6/6
  2712 | D:4      | Found a transporter.
  2728 | D:4      | Found a transporter.
  2760 | D:4      | Found Zotocuuk's Assorted Antiques.
  2773 | D:4      | Bought a scroll of teleportation for 60 gold pieces
  3119 | D:4      | Your scales start taking on a lurid green colour.
  3119 | D:4      | Reached XP level 7. HP: 51/59 MP: 7/7
  3119 | D:4      | Gained mutation: Your system is resistant to poisons.
                  | (rPois) [Green Draconian growth]
  4393 | D:4      | Noticed a steam dragon
  4399 | D:4      | Killed a steam dragon
  4732 | D:5      | Entered Level 5 of the Dungeon
  4744 | D:5      | Reached skill level 5 in Dodging
  4744 | D:5      | Reached XP level 8. HP: 44/67 MP: 8/8
  4858 | D:5      | Found an iron altar of Okawaru.
  4939 | D:5      | Reached skill level 5 in Short Blades
  5110 | D:5      | Found a staircase to the Ecumenical Temple.
  5186 | Temple   | Entered the Ecumenical Temple
  5405 | D:5      | Reached skill level 5 in Stealth
  5410 | D:5      | Reached **** piety under Lugonu
  5411 | D:5      | Reached skill level 5 in Shields
  5671 | D:6      | Reached skill level 5 in Fighting
  5931 | D:6      | Killed an unseen horror
  5932 | D:6      | Reached XP level 9. HP: 18/74 MP: 9/9
  6282 | D:6      | Noticed Blork the orc
  6303 | D:6      | Killed Blork the orc
  6465 | D:6      | Found a shimmering altar of Xom.
  6470 | D:6      | Found a bloodstained altar of Trog.
  6470 | D:6      | Found a sparkling altar of Nemelex Xobeh.
  6521 | D:6      | Noticed Pikel
  6528 | D:6      | Paralysed by Pikel for 4 turns
  7006 | D:6      | Noticed Prince Ribbit
  7033 | D:6      | Killed Prince Ribbit
  7496 | D:6      | Killed Pikel
  8800 | D:8      | Found a sacrificial altar of Ru.
  8823 | D:8      | Reached XP level 10. HP: 39/83 MP: 10/10
  9248 | D:8      | Noticed a two-headed ogre
  9532 | D:8      | Killed a two-headed ogre
  9899 | D:8      | Noticed Maggie
  9913 | D:8      | Found a staircase to the Lair.
  9956 | D:8      | Noticed Joseph
  9971 | D:8      | Killed Joseph
  9980 | D:8      | Noticed Psyche
  9987 | D:8      | Reached ***** piety under Lugonu
  9993 | D:8      | HP: 4/84 [gnoll (3)]
  9993 | D:8      | Slain by Psyche

Illustrated notes

Levels and vault maps discovered:
D:1:      heliophobic_arrival_battle_scene, layout_loops_corners,
          shapermc_ecumenical_altar_mp_urbaneastern, serial_shops,
          nicolae_shop_window_shopping
D:2:      layout_loops_ring
D:3:      layout_basic, minmay_misc_feat_ornament, minmay_misc_feat_columns
D:4:      gammafunk_steamed_eel, layout_basic, serial_shops,
          kennysheep_little_box, serial_curves, eino_curves_01, eino_curves_02,
          enter_ossuary_4, minmay_splitting_lines
D:5:      layout_rooms, kennysheep_okawaru_gauntlet,
          minmay_temple_entry_poolview, nrook_mini_backslash
D:6:      layout_gridville, gammafunk_temple_overflow_forgotten,
          uniq_blork_the_orc, uniq_prince_ribbit1, uniq_pikel
D:7:      layout_gridville
D:8:      layout_cave_pools, mainiacjoe_overflow_paths, dpeg_oklobed_lair,
          kennysheep_windowed_goal, uniq_psyche, uniq_joseph, uniq_maggie
Temple:   nicolae_temple_elliptical

Skill      XL: |  1  2  3  4  5  6  7  8  9 10 |
---------------+-------------------------------+-----
Dodging        | 3 4 5 6 7 |  7.9
Short Blades   | 1 2 3 4 5 6 7 |  7.1
Stealth        | 2 3 4 5 6 7 |  7.0
Fighting       | 4 5 6 |  6.7
Shields        | 4 5 6 |  6.8
Long Blades    | |  2.6
Invocations    | |  0.7

Action                   |  1- 3 |  4- 6 |  7- 9 | 10-12 || total
-------------------------+-------+-------+-------+-------++-------
Melee: Dagger            |    80 |   109 |   347 |    84 ||   620
       Long sword        |     5 |       |       |       ||     5
       Tailslap          |     7 |    14 |    85 |    24 ||   130
       Headbutt          |     8 |    27 |    98 |    29 ||   162
       Falchion          |       |       |       |    10 ||    10
       Unarmed           |       |       |       |     3 ||     3
Invok: Bend Space        |       |       |     1 |     1 ||     2
 Abil: Breathe Noxious F |       |       |     7 |     4 ||    11
  Use: Scroll            |     4 |     2 |     4 |       ||    10
       Potion            |     2 |     2 |     8 |       ||    12
 Stab: Sleeping          |     7 |     2 |    10 |       ||    19
       Confused          |       |       |     2 |       ||     2
Armor: Skin              |    14 |    36 |    80 |     6 ||   136
Dodge: Dodged            |    32 |    48 |   161 |    52 ||   293
Block: Buckler           |    14 |    27 |    73 |    21 ||   135

Table legend: (Time is in decaauts)
 A = Elapsed time spent in this place.
 B = Non-inter-level travel time spent in this place.
 C = Inter-level travel time spent in this place.
 D = Time resting spent in this place.
 E = Time spent auto-exploring this place.
 F = Levels seen in this place.
 G = Mean time per level.
                   A        B        C        D        E       F      G
               +--------+--------+--------+--------+--------+-----+--------+
         Total |   9844 |   9472 |    372 |   1084 |   6164 |   9 | 1093.8 |
       Dungeon |   9665 |   9293 |    372 |   1084 |   6046 |   8 | 1208.1 |
        Temple |    179 |    179 |      0 |      0 |    118 |   1 |  179.0 |
               +--------+--------+--------+--------+--------+-----+--------+

Top non-repeatable levels by time:
     D:4: 2248 daAuts
     D:6: 1910 daAuts
     D:7: 1416 daAuts
     D:8: 935 daAuts
     D:1: 927 daAuts
     D:2: 829 daAuts
     D:5: 701 daAuts
     D:3: 696 daAuts
  Temple: 179 daAuts
